Map: Pillars of Gold LE

Players

ViBE - Winner!

  • Race: Zerg Zerg
  • League: Gold
  • Spawn Location: 1:00

Telesar

  • Race: Zerg Zerg
  • League: Gold
  • Spawn Location: 7:00

VOD

Have the link to the VOD?

Description

Time

  • Played on: March 23, 2021, 6:42 p.m.
  • Length: 11:59
Show
View Real Time Build Order
Export as new Build Order

ViBE Zerg - Winner!

Build Orders: Hatch First 

Get SALT Encoding   

  12  0:00  Drone  
  13  0:12  Drone  
  14  0:19  Overlord  
  14  0:30  Extractor, Drone  
  15  0:39  Drone  
  16  0:54  Hatchery  
  16  0:55  Drone  
  16  1:04  Drone x2  
  18  1:18  Spawning Pool  
  18  1:25  Drone x2  
  19  1:29  Drone  
  20  1:39  Extractor  
  19  1:56  Overlord  
  19  2:08  Queen  
  19  2:10  Queen  
  19  2:11  Drone x4  
  28  2:22  Zergling x2  
  28  2:23  Zergling x2  
  28  2:26  Spine Crawler  
  28  2:28  Zergling x2  
  29  2:39  Zergling x4  
  31  2:45  Zergling x2  
  32  2:54  Zergling x2  
  30  3:02  Overlord  
  30  3:09  Overlord  
  30  3:21  Drone, Overlord  
  30  3:22  Drone x2  
  33  3:29  Drone  
  34  3:35  Drone  
  34  3:37  Drone  
  34  3:38  Drone x3  
  34  3:40  Drone x3  
  42  3:45  Roach Warren  
  42  3:47  Evolution Chamber  
  40  3:52  Evolution Chamber  
  40  3:54  Queen  
  41  4:10  Drone x7  
  41  4:11  Drone  
  46  4:18  Lair  
  46  4:23  Extractor x2  
  44  4:28  Drone x4  
  47  4:42  Drone x3  
  48  4:52  Queen  
  50  5:00  Overlord x3  
  50  5:15  Hatchery  
  50  5:16  Glial Reconstitution  
  50  5:17  Zerg Missile Weapons Level 1, Roach  
  50  5:19  Roach x2  
  55  5:23  Roach x2  
  55  5:26  Roach  
  55  5:28  Roach  
  63  5:36  Overlord  
  63  5:44  Queen  
  63  5:48  Drone x6  
  71  5:51  Overlord  
  71  6:00  Drone  
  72  6:06  Drone  
  73  6:13  Drone  
  73  6:14  Drone x5  
  79  6:20  Hydralisk Den  
  78  6:34  Zerg Ground Armor Level 1  
  78  6:36  Drone x5  
  83  6:42  Drone  
  83  6:43  Drone x6  
  83  6:46  Extractor  
  89  6:47  Extractor  
  88  6:59  Grooved Spines  
  88  7:03  Overlord  
  88  7:04  Overlord  
  88  7:07  Overlord  
  88  7:11  Drone  
  88  7:12  Drone x5  
  94  7:16  Extractor  
  94  7:17  Zerg Missile Weapons Level 2  
  94  7:20  Overlord x2  
  94  7:21  Overlord x2  
  93  7:40  Hatchery, Hydralisk x12  
  116  7:52  Hydralisk  
  116  7:53  Hydralisk  
  116  7:57  Drone x3  
  123  8:05  Drone x3  
  125  8:08  Infestation Pit  
  125  8:10  Muscular Augments  
  125  8:14  Drone x2  
  125  8:15  Drone  
  128  8:27  Drone x5  
  129  8:28  Drone x3  
  129  8:29  Drone  
  129  8:30  Extractor  
  129  8:32  Extractor  
  135  8:42  Hatchery  
  134  8:48  Hive  
  134  8:51  Overlord x4  
  134  8:52  Overlord x2  
  134  8:53  Overlord  
  134  8:55  Hydralisk  
  134  8:56  Hydralisk x7  
  150  9:03  Overseer  
  150  9:04  Overseer  
  150  9:16  Hydralisk x9  
  168  9:34  Zerg Ground Armor Level 2  
  168  9:42  Lurker Den  
  167  9:58  Hydralisk  
  167  9:59  Hydralisk x15  
Show
View Real Time Build Order
Export as new Build Order

Telesar Zerg 

Build Orders: Pool First 

Get SALT Encoding   

  12  0:00  Drone  
  13  0:08  Extractor  
  13  0:12  Drone  
  13  0:30  Spawning Pool  
  13  0:35  Drone  
  13  0:40  Drone  
  14  0:52  Overlord  
  14  1:17  Zergling x6  
  17  1:19  Metabolic Boost  
  17  1:30  Zergling x2  
  18  1:36  Queen  
  20  1:41  Zergling x2  
  21  1:52  Zergling x2  
  22  2:01  Overlord  
  22  2:29  Zergling x4  
  24  2:38  Zergling x2  
  19  3:06  Zergling x2  
  19  3:07  Zergling x4  
  22  3:18  Lair  
  22  3:29  Hatchery  
  22  3:31  Zergling x4  
  23  3:43  Zergling x2  
  23  3:44  Zergling x6  
  15  4:50  Drone x6  
  15  4:51  Drone x2  
  23  4:56  Extractor  
  22  5:04  Roach Warren  
  21  5:10  Drone x2  
  21  5:13  Queen  
  25  5:26  Drone x4  
  29  5:50  Overlord x3  
  29  5:57  Drone x2  
  29  5:58  Drone x2  
  29  6:04  Drone x2  
  35  6:24  Drone  
  35  6:25  Drone x6  
  42  6:34  Extractor  
  42  6:36  Extractor  
  42  6:38  Overlord x2  
  40  6:48  Roach x4  
  48  7:03  Infestation Pit  
  47  7:09  Hydralisk Den  
  47  7:14  Roach  
  47  7:15  Roach x6  
  60  7:30  Drone  
  61  7:48  Grooved Spines  
  61  7:52  Drone  
  62  8:01  Overseer x2  
  62  8:03  Hydralisk x3  
  62  8:04  Hydralisk x4  
  76  8:06  Overlord  
  76  8:07  Overlord x2  
  76  8:18  Hive  
  76  8:53  Roach  
  76  8:54  Hydralisk x4, Roach x3  
  92  8:56  Overlord  
  92  8:57  Overlord x4  
  92  9:18  Drone x3  
  92  9:19  Drone x5  
  100  9:49  Ultralisk Cavern  
  99  9:54  Evolution Chamber  
  99  9:57  Evolution Chamber  
  99  9:59  Hatchery  
  96  10:07  Roach x3  
  96  10:08  Roach  
  96  10:09  Zergling x10  
  96  10:10  Zergling x4  
  111  11:04  Extractor  
  110  11:13  Extractor  
Tags
 
League
GoldGold
Matchup
ZvZ
Player
ViBE
Race
Zerg
Replay Pack
Gold_League
Spawn Locations
Cross Positions
Add a new tag
Caveats
  • Supply blocks, unpowered buildings, or Contaminate may cause inaccurate times.
  • Supply counts are checked every 10 seconds.